 Dungeon Crawl Stone Soup version 0.31-a0-691-g409c26aa35 (webtiles) character file.

Game seed: 4526408091334156273

8806 Turgor the Mimic (level 11, -8/106 (107) HPs)
             Began as a Troll Shapeshifter on Sept 6, 2023.
             Was a Believer of Ru.
             Mangled by a two-headed ogre
             ... wielding a +0 halberd
              (18 damage)
             ... in a bailey.
             The game lasted 00:34:33 (8349 turns).

Turgor the Mimic (Troll Shapeshifter)               Turns: 8349, Time: 00:34:35

HP:   -8/106 (107)  AC:  6    Str: 26    XL:     11   Next: 14%
MP:   10/10         EV: 15    Int:  8    God:    Ru [**....]
Gold: 106           SH:  0    Dex:  9    Spells: 10/10 levels left

rFire   + .          .
                       - Unarmed
rCold   + . .        (shield currently unavailable)
rNeg    . . .        t - +2 robe {Will+}
rPois   +            (helmet restricted)
rElec   .            J - scarf {rC+ rF+}
rCorr   .            (gloves unavailable)
SInv    .            (boots unavailable)
Will    +....        p - amulet of faith
Stlth   +            h - ring of poison resistance
HPRegen 1.17/turn    F - +5 ring of evasion
MPRegen 0.12/turn

%: faith
@: flux-form, glowing, lightly drained
A: glow, contaminating, large, unfitting armour, claws 3, regeneration 1, shaggy
fur 1, tough skin 1, hated by all
a: Begin Untransformation, Renounce Religion


You were in a bailey.
You worshipped Ru.
Ru was pleased with you.
You were something dangerously unstable.
You visited 2 branches of the dungeon, and saw 11 of its levels.
You also visited: Bailey.

You collected 607 gold pieces.
You spent 501 gold pieces at shops.

Inventory:

Hand Weapons
 b - the +8 sling "Guki" {freeze, rF++ Will+}
   (You found it on level 2 of the Dungeon)

   rF++:      It greatly protects you from fire.
   Will+:     It increases your willpower.
Missiles
 f - 2 silver javelins
 j - 12 poisoned darts
 n - a throwing net
Armour
 t - a +2 robe of willpower (worn)
 J - a scarf of resistance (worn)
 O - a scarf of repulsion
 P - +0 steam dragon scales
Jewellery
 h - a ring of poison resistance (left claw)
 o - a ring of positive energy
 p - an amulet of faith (around neck)
 B - an amulet of regeneration
 F - a +5 ring of evasion (right claw)
 I - a ring of ice
 K - a ring of protection from cold
Talismans
 c - a beast talisman
 d - a flux talisman (active)
Wands
 m - a wand of flame (8)
 u - a wand of mindburst (2)
 x - a wand of roots (2)
 y - a wand of polymorph (11)
 D - a wand of digging (5)
 H - a wand of light (6)
Scrolls
 i - 7 scrolls of teleportation
 s - a scroll of immolation {unknown}
 v - 4 scrolls of vulnerability
 w - a scroll of enchant armour {unknown}
 A - a scroll of revelation {unknown}
 E - a scroll of brand weapon {unknown}
 L - a scroll of blinking
 N - a scroll of enchant weapon {unknown}
Potions
 a - 5 potions of curing
 e - 3 potions of might
 g - 3 potions of enlightenment
 k - 2 potions of haste
 l - 3 potions of lignification
 q - a potion of heal wounds
 z - 3 potions of attraction
 C - 3 potions of brilliance
 G - 2 potions of magic
 M - a potion of berserk rage {unknown}


   Skills:
 + Level 6.9 Fighting
 - Level 5.0 Dodging
 + Level 8.8 Unarmed Combat
 * Level 11.1 Shapeshifting


You had 10 spell levels left.
You didn't know any spells.
Your spell library contained the following spells:

 Spells                   Type           Power      Damage    Failure   Level
 Blink                    Tloc           0%         N/A       54%         2
 Hailstorm                Conj/Ice       0%         3d3       78%         3
 Manifold Assault         Tloc           0%         N/A       99%         4
 Passage of Golubria      Tloc           0%         N/A       99%         4
 Iskenderun's Battlesphe  Conj           0%         2d6       100%        5
 Yara's Violent Unravell  Hex/Tmut       0%         3d3       100%        5
 Leda's Unmaking          Conj/Erth      0%         9d1       100%        6
 Summon Small Mammal      Summ           Unusable   N/A       N/A         1
 Call Canine Familiar     Summ           Unusable   N/A       N/A         3
 Summon Guardian Golem    Hex/Summ       Unusable   N/A       N/A         3
 Tukima's Dance           Hex            Unusable   N/A       N/A         3
 Summon Ice Beast         Ice/Summ       Unusable   N/A       N/A         4
 Simulacrum               Ice/Necr       Unusable   N/A       N/A         6
 Spellforged Servitor     Conj/Summ      Unusable   N/A       N/A         7

Dungeon Overview and Level Annotations

Branches:
Dungeon (10/15)            Temple (1/1) D:6            Lair (0/5) D:10
    Orc (0/2) D:9          Bailey (1/1)

Altars:
Ashenzari
Cheibriados
Dithmenos
Elyvilon
Gozag
Kikubaaqudgha
Makhleb
Nemelex Xobeh
Okawaru
Qazlal
Ru
Sif Muna
Trog
Uskayaw
Vehumet
Wu Jian
Xom
Zin
The Shining One

Shops:
D:4 :   D:6 *   D:8 *   D:9 ?

Annotations:
D:3 1 runed translucent door
D:6 1 runed translucent door, Crazy Yiuf


Innate Abilities, Weirdness & Mutations

You are something dangerously unstable.
You glow with magical radiation, making you easy to see and hit.
Foes you strike become dangerously contaminated with magical radiation.
You are incapable of wielding weapons or throwing items.
You are too large for most types of armour.
You have claws for hands.
Your natural rate of healing is unusually fast.
You are covered in fur. (AC +1)
You have tough skin. (AC +1)
You are hated by all.


Message History

The spriggan shouts!
The spriggan barely misses you.
You scratch the spriggan but do no damage.
The spriggan begins to glow.
The spriggan hits you with a +2 flail of draining!
You feel drained.
You focus your inner power and illuminate the spriggan in retribution!
A spriggan comes into view. It is wielding a +0 spear.
You scratch the spriggan.
The spriggan glows dangerously bright.
The spriggan is moderately wounded.
The spriggan closely misses you.
You scratch the spriggan.
The spriggan shudders as magic cascades through it!!
You kill the spriggan!
A spriggan comes into view. It is wielding a +0 spear.
The spriggan barely misses you. The spriggan completely misses you.
The spriggan hits you with a +0 spear. The spriggan attacks as it pursues you!
The spriggan hits you from afar with a +0 spear.
You barely miss the spriggan.
The spriggan hits you from afar with a +0 spear.
A two-headed ogre comes into view.
It is wielding a +0 halberd and a +0 glaive.
The spriggan hits you with a +0 spear!
You miss the spriggan. The spriggan closely misses you.
The spriggan misses you.
You closely miss the spriggan.
The spriggan hits you from afar with a +0 spear!
You miss the spriggan. The spriggan barely misses you.
The spriggan hits you from afar with a +0 spear.
You completely miss the spriggan.
The two-headed ogre hits you from afar with a +0 halberd!!
The two-headed ogre misses you. The spriggan hits you with a +0 spear!
* * * LOW HITPOINT WARNING * * *
As you read the scroll of fear, it crumbles to dust.
You assume a fearsome visage.
The spriggan looks frightened! x2
The two-headed ogre resists with some effort.
The two-headed ogre hits you from afar with a +0 halberd!
* * * LOW HITPOINT WARNING * * *
The two-headed ogre hits you from afar with a +0 glaive!!
You die...

##.........##
#....~~†....##
#..♣###~##♣#..##
#.......#♣..##
#..♣♣♣♣♣..##..#
#.. ♣♣..#..# #.
♣i.#..# # #..♣..#
#. ♣B.♣..# #..
♣♣..#..# #..#
♣.O♣#..#
#..#♣.....).##..##
#..##...i.#♣..##
#..#♣#####).##
#.........##
##.......##
##~~~~~##


You could see a two-headed ogre and 2 spriggans.

Vanquished Creatures
  A manticore (D:7)
  2 trolls
  Sigmund (D:5)
  3 spriggans (Bailey)
  10 yaks (D:10)
  A wyvern (D:10)
  A wraith (D:9)
  A vampire (D:10)
  2 basilisks (D:10)
  A vampire mosquito (D:10)
  2 steam dragons
  An acid dragon (D:10)
  3 water moccasins
  7 orc warriors
  2 sky beasts
  An ice beast (D:7)
  9 ogres
  3 centaurs
  A phantom (D:6)
  A kobold brigand (D:9)
  Blork the orc (D:4)
  2 gnoll sergeants (D:9)
  6 bullfrogs
  4 scorpions
  9 wights
  3 electric eels (D:9)
  4 howler monkeys (D:9)
  2 orc priests
  A gnoll bouda (D:5)
  4 hounds
  3 jellies
  Ijyb (D:3)
  6 orc wizards
  3 iguanas
  A sleepcap (D:7)
  7 gnolls
  10 adders
  A shadow imp (D:8)
  4 white imps
  An ufetubus (D:3)
  5 worms
  5 dart slugs
  29 orcs
  4 endoplasms
  3 giant cockroaches
  3 goblins
  4 hobgoblins
  3 quokkas
  6 ball pythons
  4 bats
  A frilled lizard (D:3)
  A goblin zombie (D:3)
  4 kobolds
  4 rats
202 creatures vanquished.

Vanquished Creatures (collateral kills)
  An orc priest (D:7)
  An orc wizard (D:7)
  5 orcs
7 creatures vanquished.

Vanquished Creatures (others)
  4 orcs
4 creatures vanquished.

Grand Total: 213 creatures vanquished

Notes
Turn   | Place    | Note
-------+----------+-------------------------------------------
     0 | D:1      | Turgor the Troll Shapeshifter began the quest for the Orb.
     0 | D:1      | Reached XP level 1. HP: 18/18 MP: 0/0
   321 | D:1      | Reached skill level 1 in Fighting
   378 | D:1      | Reached XP level 2. HP: 27/27 MP: 1/1
   896 | D:2      | Identified the +8 sling "Guki" {freeze, rF++ Will+}
   993 | D:2      | Reached XP level 3. HP: 33/33 MP: 2/2
  1256 | D:2      | Found a stormy altar of Qazlal.
  1833 | D:3      | Reached XP level 4. HP: 41/41 MP: 3/3
  1878 | D:3      | Found a faded altar of an unknown god.
  2127 | D:3      | Found a runed translucent door.
  2127 | D:3      | Noticed a human
  2137 | D:3      | Found a basalt altar of Yredelemnul.
  2199 | D:3      | Found a glowing golden altar of the Shining One.
  2255 | D:3      | Noticed Ijyb
  2258 | D:3      | Killed Ijyb
  2259 | D:3      | Reached skill level 4 in Shapeshifting
  2417 | D:4      | Noticed a scorpion
  2506 | D:4      | Noticed Blork the orc
  2745 | D:4      | Reached XP level 5. HP: 49/49 MP: 4/4
  2772 | D:4      | Found Moset's Vocational Training.
  3114 | D:4      | Killed Blork the orc
  3117 | D:4      | Reached XP level 6. HP: 45/57 MP: 5/5
  3300 | D:5      | Entered Level 5 of the Dungeon
  3369 | D:5      | Noticed Sigmund
  3384 | D:5      | Killed Sigmund
  3385 | D:5      | Reached skill level 5 in Shapeshifting
  3385 | D:5      | Reached XP level 7. HP: 38/66 MP: 6/6
  4222 | D:6      | Reached skill level 5 in Unarmed Combat
  4222 | D:6      | Reached skill level 6 in Shapeshifting
  4226 | D:6      | Reached XP level 8. HP: 71/75 MP: 7/7
  4446 | D:6      | Found Viust's Assorted Antiques.
  4462 | D:6      | Bought a glass wand for 116 gold pieces
  4462 | D:6      | Bought a golden potion for 26 gold pieces
  4462 | D:6      | Bought an encrusted brass wand for 116 gold pieces
  4462 | D:6      | Bought a scroll labelled XOWUAQOXIU for 29 gold pieces
  4584 | D:6      | Reached skill level 7 in Shapeshifting
  4646 | D:6      | Found a staircase to the Ecumenical Temple.
  4663 | Temple   | Entered the Ecumenical Temple
  4672 | Temple   | Became a worshipper of Ru the Awakened
  4862 | D:6      | Found a runed translucent door.
  4862 | D:6      | Noticed Crazy Yiuf
  5011 | D:7      | Reached XP level 9. HP: 37/84 MP: 8/8
  5069 | D:7      | Noticed a troll
  5086 | D:7      | Killed a troll
  5146 | D:7      | Found a radiant altar of Vehumet.
  5212 | D:7      | Noticed a manticore
  5235 | D:7      | Killed a manticore
  5236 | D:7      | Reached skill level 5 in Dodging
  5236 | D:7      | Reached skill level 8 in Shapeshifting
  5472 | D:7      | Found a bloodstained altar of Trog.
  5609 | D:8      | Found Gozag's Platinum Reserve.
  5609 | D:8      | Found an opulent altar of Gozag.
  5659 | D:8      | Reached skill level 5 in Fighting
  5751 | D:8      | Found a broken altar of Ashenzari.
  5760 | D:8      | Gained mutation: You are hated by all. [Ru sacrifice]
  5760 | D:8      | Reached * piety under Ru
  5760 | D:8      | Reached ** piety under Ru
  5988 | D:8      | Found a white marble altar of Elyvilon.
  6315 | D:9      | Found a glowing silver altar of Zin.
  6381 | D:9      | Reached skill level 9 in Shapeshifting
  6512 | D:9      | Reached XP level 10. HP: 96/96 MP: 9/9
  6614 | D:9      | Found Urchuor's Magic Scroll Emporium.
  6624 | D:9      | Bought a scroll of identify for 26 gold pieces
  6624 | D:9      | Bought a scroll of blinking for 97 gold pieces
  6624 | D:9      | Bought a scroll of teleportation for 39 gold pieces
  6624 | D:9      | Bought a scroll of vulnerability for 52 gold pieces
  7354 | D:9      | Found a staircase to the Orcish Mines.
  7424 | D:9      | Reached skill level 10 in Shapeshifting
  7698 | D:10     | Entered Level 10 of the Dungeon
  7993 | D:10     | Reached XP level 11. HP: 34/107 MP: 10/10
  8017 | D:10     | Found a staircase to the Lair.
  8059 | D:10     | Found a flagged portal.
  8068 | Bailey   | Entered a bailey
  8111 | Bailey   | Reached skill level 11 in Shapeshifting
  8344 | Bailey   | Noticed a two-headed ogre
  8349 | Bailey   | Mangled by a two-headed ogre

Illustrated notes

Levels and vault maps discovered:
D:1:      sevenhm_arrival_forest_fort_large_4, layout_basic, serial_curves,
          eino_curves_04, eino_curves_02, minmay_tromino_v4_b
D:2:      minmay_angry_zag, layout_basic, basic_altar
D:3:      layout_basic, dk_yredelemnul_ordeal, nicolae_tso_carved_into_rock,
          chequers_ecumenical_altar_simple, kennysheep_generic_room_11,
          uniq_ijyb
D:4:      layout_basic, eino_tiny_chamber, nicolae_shop_vocational,
          uniq_blork_the_orc
D:5:      layout_basic, uniq_sigmund
D:6:      layout_rooms, minmay_temple_entry_stoned_glass, serial_shops, shop,
          minmay_bent, uniq_crazy_yiuf_cottage
D:7:      layout_rooms, mainiacjoe_overflow_cross_hatched,
          lemuel_coloured_pillars_altar, hex_large,
          chequers_serial_rivers_micro_e
D:8:      layout_cave_pools, nicolae_gozag_zags_fifth_avenue,
          general_overflow_altar, marbit_many_paths, kennysheep_donut
D:9:      layout_basic, zin_statuary, kennysheep_orc_monster_closet_entryway,
          serial_shops, nicolae_lakefront_shop
D:10:     layout_roguey, fedhas_ov_isle_minmay, minmay_lair_entry_grove,
          enter_bailey_2, minmay_statues_item
Temple:   dshaligram_water_room_temple
Bailey:   bailey_polearm_enchanted_keep_hellmonk, bailey

Skill      XL: |  1  2  3  4  5  6  7  8  9 10 11 |
---------------+----------------------------------+-----
Fighting       | 1 2 3 4 5 6 |  6.9
Dodging        | 2 3 4 5 |  5.0
Shapeshifting  | 4 5 6 7 9 10 11 | 11.1
Unarmed Combat | 4 5 6 7 8 |  8.8

Action                     |  1- 3 |  4- 6 |  7- 9 | 10-12 || total
---------------------------+-------+-------+-------+-------++-------
  Melee: Unarmed           |    42 |     9 |   265 |   232 ||   548
         Punch             |     1 |       |     1 |     2 ||     4
   Fire: Sling             |    28 |    81 |    19 |       ||   128
 Invoke: Sacrifice Love    |       |       |     1 |       ||     1
  Evoke: Wand              |       |       |    19 |    13 ||    32
    Use: Scroll            |       |     4 |     5 |     5 ||    14
         Potion            |       |     1 |       |     3 ||     4
   Stab: Distracted        |       |       |     1 |       ||     1
         Invisible         |       |       |       |     1 ||     1
 Armour: Animal skin       |    22 |    35 |       |       ||    57
         Robe              |       |       |   192 |   101 ||   293
         Skin              |       |       |       |    42 ||    42
  Dodge: Dodged            |    16 |    20 |   129 |   145 ||   310
   Form: Flux              |       |       |     1 |       ||     1

Table legend: (Time is in decaauts)
 A = Elapsed time spent in this place.
 B = Non-inter-level travel time spent in this place.
 C = Inter-level travel time spent in this place.
 D = Time resting spent in this place.
 E = Time spent auto-exploring this place.
 F = Levels seen in this place.
 G = Mean time per level.
                   A        B        C        D        E       F      G
               +--------+--------+--------+--------+--------+-----+--------+
         Total |   8329 |   7817 |    512 |    180 |   5601 |  12 |  694.1 |
       Dungeon |   8034 |   7530 |    504 |     49 |   5567 |  10 |  803.4 |
        Temple |     18 |     10 |      8 |      0 |      0 |   1 |   18.0 |
        Bailey |    275 |    275 |      0 |    131 |     34 |   1 |  275.0 |
               +--------+--------+--------+--------+--------+-----+--------+

Top non-repeatable levels by time:
     D:9: 1433 daAuts
     D:5: 902 daAuts
     D:4: 869 daAuts
     D:2: 844 daAuts
     D:3: 821 daAuts
     D:1: 788 daAuts
     D:6: 711 daAuts
     D:7: 660 daAuts
     D:8: 648 daAuts
    D:10: 356 daAuts
  Bailey: 275 daAuts
  Temple: 18 daAuts
